 Dungeon Crawl Stone Soup version 0.30-a0-121-gb27577e5d9 (webtiles) character file.

Game seed: 4162419305502771316

3 DEFE the Covered (level 1, -3/19 HPs)
             Began as a Meteoran Fighter on Sept 14, 2022.
             Slain by a gnoll
             ... wielding a +0 flail
              (8 damage)
             ... on level 1 of the Dungeon.
             The game lasted 00:00:09 (33 turns).

DEFE the Covered (Meteoran Fighter)                   Turns: 33, Time: 00:00:10

Health: -3/19      AC:  7    Str: 17    XL:     1   Next: 71%
Magic:  2/2        EV:  9    Int:  9    God:
Gold:   0          SH:  0    Dex: 13    Spells: 0/0 levels left

rFire   . . .      SeeInvis .    a - +0 war axe
rCold   . . .      Faith    .    (no shield)
rNeg    . . .      Spirit   .    b - +0 scale mail
rPois   .          Reflect  .    (no helmet)
rElec   .          Harm     .    (no cloak)
rCorr   .          Rampage  .    (no gloves)
Will    .....                    (no boots)
Stlth   ..........               (no amulet)
HPRegen 0.06/turn                (no ring)
MPRegen 0.08/turn                (no ring)

@: glowing
A: sense surroundings 1, otherworldly, glowing, explore regen
a: no special abilities


You were on level 1 of the Dungeon.
You visited 1 branch of the dungeon, and saw 1 of its levels.

Inventory:

Hand Weapons
 a - a +0 war axe (weapon)
Armour
 b - a +0 scale mail (worn)
Potions
 d - 2 potions of might


   Skills:
 + Level 3.3 Fighting
 + Level 2.5 Axes
 + Level 3.7 Armour
 + Level 3.7 Shields


You couldn't memorise any spells.
You didn't know any spells.
Your spell library was empty.

Dungeon Overview and Level Annotations

Branches:
Dungeon (1/15) Zot: 562

Altars:


Innate Abilities, Weirdness & Mutations

You passively map a small area around you.
You are easily found by Zot.
You glow in the dark.
You regain HP and MP as you explore.


Message History

Unknown command.
You barely miss the goblin. You slash the ball python!
You kill the ball python!
The goblin hits you with a +0 club. The goblin barely misses you.
You take 3 damage, and have 16/19 hp.
You slash the goblin!
You kill the goblin!
Unknown command.
No target in view!
Unknown command.
No target in view!
d - 2 potions of might (gained 1)
A goblin comes into view. It is wielding a +0 club.
Found a stone staircase leading down.
You regained 2 hp, and now have 18/19 hp.
A goblin is nearby!
Health restored: 19 Unknown command.
No target in view!
No target in view!
A gnoll comes into view. It is wielding a +0 flail.
The gnoll shouts!
Found 18 gold pieces.
The goblin closely misses you.
Unknown command.
You hit the goblin.
You kill the goblin!
The gnoll hits you with a +0 flail.
You take 6 damage, and have 13/19 hp.
MASSIVE DAMAGE!!
You slash the gnoll! The gnoll hits you with a +0 flail.
The gnoll hits you but does no damage.
You take 3 damage, and have 10/19 hp.
Unknown command.
You barely miss the gnoll. The gnoll hits you with a +0 flail.
* * * LOW HITPOINT WARNING * * *
You take 5 damage, and have 5/19 hp.
MASSIVE DAMAGE!!
You hit the gnoll but do no damage. The gnoll hits you with a +0 flail!
You die...

,, #.......#.# .. ,
#.......#. ..... ,
#...>....###..... ,
#........#....... ,
#................
#............... ,
#....g.)....... .. ,,
#.....@.#..##+#...
#.............#... *
#......###......## *
###..### #........ .....
###........, ,
$....,##........#. ,
...... #.....#...# ..*
......[#..#...#..#..#...
,,, ........#..#..#..
..#


You could see a gnoll.

Vanquished Creatures
  2 goblins (D:1)
  A ball python (D:1)
3 creatures vanquished.

Notes
Turn   | Place    | Note
-------+----------+-------------------------------------------
     0 | D:1      | DEFE the Meteoran Fighter began the quest for the Orb.
     0 | D:1      | Reached XP level 1. HP: 19/19 MP: 2/2
    33 | D:1      | Slain by a gnoll

Illustrated notes

Levels and vault maps discovered:
D:1:      minmay_arrival_radiant_lines, layout_basic, serial_bayou_lagoon_a

Action                   || total
-------------------------++-------
Melee: War axe           ||     8
Armor: Scale mail        ||     4
Dodge: Dodged            ||     2

Table legend: (Time is in decaauts)
 A = Elapsed time spent in this place.
 B = Non-inter-level travel time spent in this place.
 C = Inter-level travel time spent in this place.
 D = Time resting spent in this place.
 E = Time spent auto-exploring this place.
 F = Levels seen in this place.
 G = Mean time per level.
                   A        B        C        D        E       F      G
               +--------+--------+--------+--------+--------+-----+--------+
         Total |     35 |     35 |      0 |      0 |     10 |   1 |   35.0 |
       Dungeon |     35 |     35 |      0 |      0 |     10 |   1 |   35.0 |
               +--------+--------+--------+--------+--------+-----+--------+

Top non-repeatable levels by time:
     D:1: 35 daAuts
